 Dungeon Crawl Stone Soup version 0.24-a0-779-g36f0aeb (webtiles) character file.

Game seed: 6660614439020989273, levelgen mode: deterministic

128 2tousent the Sneak (level 5, -3/41 HPs)
             Began as a Formicid Fighter on Oct 7, 2019.
             Was a Follower of Uskayaw.
             Slain by a river rat (8 damage)
             ... in a sewer.
             The game lasted 00:05:28 (1777 turns).

2tousent the Sneak (Formicid Fighter)               Turns: 1777, Time: 00:05:30

Health: -3/41      AC:  8    Str: 20    XL:     5   Next: 33%
Magic:  11/14      EV:  7    Int:  8    God:    Uskayaw [*.....]
Gold:   128        SH:  9    Dex: 11    Spells: 4/4 levels left

rFire    . . .     SeeInvis +   a - +0 rapier
rCold    . . .     Gourm    .   c - +0 shield
rNeg     . . .     Faith    .   b - +0 scale mail
rPois    .         Spirit   .   (helmet unavailable)
rElec    .         Reflect  .   p - scarf {cloud immunity}
rCorr    .         Harm     .   l - +0 pair of gloves
MR       .....                  (no boots)
Stlth    +.........             (no amulet)
HPRegen  0.13/turn              g - ring of magical power
MPRegen  0.14/turn              (no ring)

@: no status effects
A: permanent stasis, dig shafts and tunnels, four strong arms, antennae 3
a: Dig, Shaft Self, Stomp, Renounce Religion


You were in a sewer.
You worshipped Uskayaw.
Uskayaw was noncommittal.
You were not hungry.

You visited 1 branch of the dungeon, and saw 3 of its levels.
You also visited: Sewer.

You collected 128 gold pieces.

Inventory:

Hand Weapons
 a - a +0 rapier (weapon)
Armour
 b - a +0 scale mail (worn)
 c - a +0 shield (worn)
 l - a +0 pair of gloves (worn)
 p - a scarf of cloud immunity (worn)
Jewellery
 g - a ring of magical power (left hand)
 m - a +2 ring of evasion {unknown}
Scrolls
 e - a scroll of remove curse {unknown}
 k - a scroll of enchant armour {unknown}
 o - a scroll of identify
Potions
 d - a potion of might
 h - a potion of invisibility {unknown}
 i - a potion of mutation {unknown}
 n - a potion of haste {unknown}
Comestibles
 f - 4 rations


   Skills:
 - Level 3.2 Fighting
 * Level 3.7 Short Blades
 - Level 3.2 Armour
 * Level 4.1 Stealth
 - Level 3.6 Shields
 * Level 0.8 Invocations


You had 4 spell levels left.
You didn't know any spells.
Your spell library was empty.

Dungeon Overview and Level Annotations

Branches:
Dungeon (3/15)              Sewer (1/1)

Altars:
Uskayaw
Yredelemnul


Innate Abilities, Weirdness & Mutations

You cannot be hasted, slowed, berserked, paralysed or teleported.
You can dig through walls and to a lower floor.
Your four strong arms can wield two-handed weapons with a shield.
You have a pair of large antennae on your head. (SInv)


Message History

The river rat bites you but does no damage.
You can now stomp with the beat.
Unknown command.
You barely miss the river rat.
The river rat is heavily wounded.
The river rat bites you.
The river rat bites you but does no damage.
The river rat bites you!
You barely miss the river rat.
The river rat is heavily wounded.
The river rat bites you but does no damage.
The river rat bites you. You block the river rat's attack.
You closely miss the river rat.
The river rat is heavily wounded.
The river rat bites you.
* * * LOW HITPOINT WARNING * * *
The river rat bites you.
* * * LOW HITPOINT WARNING * * *
The river rat bites you!
You die...

####################
≈≈≈≈≈≈≈≈≈≈≈≈≈≈≈#...##
≈≈≈≈≈.≈≈≈≈≈≈≈≈≈r....#
≈≈≈≈≈≈≈≈≈≈≈≈≈≈≈†@∩..#
≈≈≈≈≈≈≈≈≈≈≈≈≈≈≈rr∩..#
≈≈≈≈≈≈≈.≈≈≈≈≈≈≈≈....#
≈≈≈≈≈≈≈≈≈≈≈≈≈≈≈....##
####################


You could see 3 river rats.

Vanquished Creatures
  Jessica (D:2)
  4 adders
  A river rat (Sewer)
  4 leopard geckos
  A ball python (D:3)
  5 giant cockroaches
  5 goblins
  2 hobgoblins
  4 jackals (D:1)
  A quokka (D:2)
  11 bats
  2 frilled lizards
  5 kobolds
  6 rats
52 creatures vanquished.

Notes
Turn   | Place    | Note
-------+----------+-------------------------------------------
     0 | D:1      | 2tousent the Formicid Fighter began the quest for the Orb.
     0 | D:1      | Reached XP level 1. HP: 18/18 MP: 1/1
    21 | D:1      | Reached skill level 1 in Stealth
   282 | D:1      | Reached XP level 2. HP: 24/24 MP: 1/2
   476 | D:1      | Reached skill level 2 in Stealth
   491 | D:1      | Reached XP level 3. HP: 29/29 MP: 3/3
   869 | D:2      | Found a basalt altar of Yredelemnul.
   913 | D:2      | Noticed Jessica
   921 | D:2      | Killed Jessica
   921 | D:2      | Reached skill level 3 in Stealth
   921 | D:2      | Reached XP level 4. HP: 20/35 MP: 4/4
  1652 | D:3      | Reached XP level 5. HP: 41/41 MP: 5/5
  1656 | D:3      | Found a hide-covered altar of Uskayaw.
  1666 | D:3      | Became a worshipper of Uskayaw the Reveler
  1692 | D:3      | Found a glowing drain.
  1695 | D:3      | Reached * piety under Uskayaw
  1711 | D:3      | Reached skill level 4 in Stealth
  1727 | Sewer    | Entered a sewer
  1777 | Sewer    | Slain by a river rat

Levels and vault maps discovered:
D:1:      minmay_arrival_floating_metal, layout_basic
D:2:      layout_loops_ring, lemuel_doored_altar, minmay_door_square,
          uniq_jessica
D:3:      layout_loops_corners, old_standard_altar, lemuel_round_altar,
          eat_drink_and_be_merry_uskayaw, portal_sewer_entry_f, first_ration
Sewer:    sewer_minmay_w

Skill      XL: |  1  2  3  4  5 |
---------------+----------------+-----
Stealth        | 1 2 3 4 |  4.1
Short Blades   | 3 |  3.7
Fighting       | |  3.2
Armour         | |  3.2
Shields        | |  3.6
Invocations    | |  0.8

Action                   |  1- 3 |  4- 6 || total
-------------------------+-------+-------++-------
Melee: Rapier            |   135 |    86 ||   221
Invok: Stomp             |       |     1 ||     1
  Use: Scroll            |     4 |     1 ||     5
       Potion            |       |     2 ||     2
  Eat: Chunk             |       |     3 ||     3
Armor: Scale mail        |    88 |    46 ||   134
Dodge: Dodged            |    54 |    42 ||    96
Block: Shield            |   106 |    84 ||   190

Table legend:
 A = Non-vault XP
 B = Vault XP
 C = Vault XP percentage of total XP
 D = Non-vault monster count
 E = Vault monster count
 F = Vault count percentage of total count
                 A         B        C        D         E       F
            +---------+---------+-------+---------+---------+-------
      Total |     120 |      63 |  34.4 |      44 |       8 |  15.4
            +---------+---------+-------+---------+---------+-------
        D:1 |      44 |       0 |   0.0 |      27 |       0 |   0.0
        D:2 |      50 |      37 |  42.5 |       9 |       1 |  10.0
        D:3 |      26 |      11 |  29.7 |       8 |       4 |  33.3
      Sewer |       0 |      15 | 100.0 |       0 |       3 | 100.0
            +---------+---------+-------+---------+---------+-------
